Map: Orbital Shipyard

Players

SticklerMac

  • Race: Zerg Zerg
  • League: Grandmaster

WARLOCK - Winner!

  • Race: Terran Terran
  • League: Grandmaster

VOD

Have the link to the VOD?

Description

Time

  • Played on: July 18, 2015, 5:04 p.m.
  • Length: 34:12
Show
View Real Time Build Order
Export as new Build Order

SticklerMac Zerg 

Build Orders: 3 Hatch before Pool 

Get SALT Encoding   

  12  0:01  Drone  
  13  0:13  Overlord  
  13  0:17  Drone  
  14  0:43  Hatchery  
  13  1:09  Hatchery  
  12  1:11  Drone  
  12  1:16  Drone  
  14  1:33  Spawning Pool  
  14  1:36  Drone  
  14  1:41  Drone  
  14  1:46  Drone  
  16  1:50  Drone  
  17  1:55  Drone  
  17  1:58  Drone  
  19  2:06  Drone, Extractor  
  19  2:09  Drone  
  20  2:16  Drone  
  20  2:19  Drone  
  20  2:21  Drone  
  23  2:27  Drone  
  24  2:32  Queen  
  24  2:35  Drone  
  26  2:43  Queen  
  28  2:51  Queen  
  28  2:54  Drone  
  28  2:56  Drone  
  32  3:00  Overlord  
  32  3:05  Overlord  
  32  3:08  Zergling x2  
  32  3:11  Zergling x2  
  34  3:16  Overlord  
  34  3:22  Zergling x4  
  34  3:23  Zergling x2  
  34  3:24  Zergling x2  
  38  3:27  Zergling x2  
  38  3:30  Zergling x2  
  38  3:31  Zergling x2  
  41  3:36  Metabolic Boost  
  41  3:41  Baneling Nest  
  41  3:42  Drone  
  41  3:46  Drone  
  41  3:47  Drone  
  43  3:52  Drone  
  43  3:53  Drone  
  43  3:54  Drone  
  46  3:58  Drone  
  46  3:59  Drone  
  46  4:01  Drone  
  49  4:04  Zergling x2  
  49  4:05  Zergling x2  
  49  4:07  Zergling x2  
  49  4:09  Zergling x2  
  53  4:13  Overlord  
  54  4:17  Drone x2  
  54  4:20  Overlord  
  54  4:23  Overlord  
  55  4:27  Overlord  
  55  4:36  Drone x5  
  55  4:37  Drone  
  55  4:38  Drone  
  62  4:39  Drone  
  62  4:44  Zergling x2  
  62  4:45  Zergling x6  
  60  4:54  Zergling x2  
  60  4:55  Zergling x10  
  62  5:00  Zergling x8  
  62  5:01  Zergling x2  
  62  5:02  Zergling x2  
  65  5:07  Zergling x6  
  65  5:08  Zergling x2  
  65  5:13  Zergling x4  
  65  5:14  Zergling x2  
  72  5:20  Zergling x4  
  73  5:28  Zergling x2  
  73  5:29  Zergling x2  
  73  5:34  Zergling x4  
  72  5:37  Zergling x2  
  71  5:45  Zergling x2  
  71  5:46  Zergling x24  
  84  5:51  Zergling x2  
  84  5:56  Zergling x4  
  87  6:04  Zergling x4  
  88  6:07  Zergling x2  
  83  6:11  Zergling x2  
  83  6:15  Zergling x8  
  83  6:16  Zergling x6  
  83  6:17  Zergling x4  
  83  6:18  Zergling x8  
  82  6:22  Drone  
  84  6:27  Zergling x2  
  85  6:36  Zergling x2  
  85  6:39  Evolution Chamber x2  
  84  6:41  Baneling  
  84  6:42  Zergling x4  
  84  6:43  Zergling x4  
  78  6:48  Zergling x2  
  78  6:51  Zergling x4  
  81  6:54  Zergling x4  
  81  6:55  Zergling x2  
  81  6:58  Zergling x8  
  81  6:59  Overlord, Zergling x4  
  81  7:00  Overlord x2  
  87  7:12  Zergling x6  
  83  7:17  Zergling x6  
  86  7:23  Baneling  
  86  7:24  Baneling x11  
  86  7:25  Zergling x4  
  86  7:27  Drone  
  86  7:28  Zergling x10  
  94  7:31  Zergling x8  
  98  7:42  Zergling x2  
  98  7:43  Zergling x8  
  103  7:48  Zerg Melee Weapons Level 1  
  103  7:49  Zerg Ground Armor Level 1, Zergling x2  
  103  7:50  Zergling x2  
  105  7:54  Baneling x6  
  105  7:55  Zergling x2  
  96  8:07  Zergling x6  
  90  8:14  Zergling x2  
  90  8:15  Zergling x14  
  90  8:18  Zergling x4  
  90  8:19  Zergling x2  
  72  8:29  Zergling x6  
  66  8:40  Zergling x6  
  68  8:48  Zergling x12  
  74  8:52  Zergling x2  
  75  9:00  Zergling x4  
  77  9:04  Zergling x2  
  77  9:07  Baneling x4  
  77  9:08  Zergling x2, Baneling x4  
  77  9:09  Zergling x14  
  84  9:22  Baneling  
  84  9:23  Zergling x14  
  84  9:24  Zergling x2  
  92  9:29  Zergling x2  
  93  9:40  Baneling x2  
  93  9:43  Zergling x2, Baneling  
  93  9:44  Zergling x6  
  79  9:53  Zergling x6  
  70  10:01  Zergling x4  
  70  10:02  Zergling x14  
  70  10:03  Zergling x8  
  78  10:07  Zergling x2  
  78  10:14  Zergling x4  
  74  10:25  Zergling x6  
  66  10:33  Zergling x4  
  67  10:38  Zergling x4  
  67  10:39  Zergling x18  
  67  10:40  Zergling x4  
  80  10:44  Zergling x2  
  80  10:48  Zergling x2  
  82  10:55  Zergling x4  
  84  10:58  Zergling x2  
  85  11:06  Zergling x10  
  85  11:08  Zergling x6  
  85  11:09  Zergling x12  
  57  11:16  Zergling x2  
  51  11:21  Baneling x2  
  51  11:22  Zergling x2  
  50  11:27  Baneling x3  
  50  11:28  Zergling x2, Baneling  
  52  11:33  Zergling x2  
  52  11:36  Baneling x4  
  52  11:37  Baneling  
  52  11:38  Zergling x2  
  52  11:45  Zergling x10  
  52  11:46  Zergling x8  
  60  11:52  Zergling x2  
  56  11:56  Zergling x2  
  57  12:07  Zergling x2  
  57  12:08  Zergling x2  
  48  12:16  Zergling x2  
  48  12:27  Zergling x4  
  50  12:31  Zergling x2  
  50  12:33  Hatchery  
  50  12:42  Zergling x4  
  52  12:44  Hatchery  
  52  12:45  Lair  
  52  13:22  Zergling x8  
  52  13:23  Zergling x12  
  52  13:24  Zergling x8  
  65  13:32  Hatchery  
  60  13:37  Zergling x4  
  62  13:46  Hatchery, Zergling x4  
  52  13:58  Zergling x4  
  25  14:10  Drone x2  
  12  14:18  Hatchery  
  9  15:01  Drone  
  9  15:02  Hatchery x2  
  6  15:36  Drone  
  7  15:43  Drone  
  7  15:48  Hatchery  
  7  15:52  Hatchery  
  7  15:56  Drone  
  7  16:07  Drone  
  6  16:17  Drone  
  7  16:27  Drone  
  7  16:52  Drone  
  8  16:57  Drone  
  9  17:05  Drone  
  9  17:07  Drone  
  11  17:13  Drone  
  10  17:21  Drone  
  4  17:40  Drone  
  5  17:52  Drone  
  6  18:03  Drone  
  7  18:12  Drone  
  8  18:20  Drone  
  9  18:27  Drone  
  9  18:33  Drone  
  11  18:40  Drone  
  12  18:45  Drone  
  13  18:50  Drone  
  13  18:55  Drone  
  15  18:58  Drone  
  16  19:04  Drone  
  16  19:07  Drone  
  18  19:11  Drone  
  18  19:15  Drone  
  20  19:17  Drone  
  20  19:20  Drone  
  20  19:23  Drone  
  23  19:26  Drone  
  23  19:29  Drone  
  25  19:35  Extractor  
  25  19:38  Drone x3  
  27  19:40  Drone  
  27  19:43  Drone  
  27  19:45  Drone  
  30  19:47  Drone  
  30  19:49  Drone  
  30  19:51  Drone  
  33  19:53  Drone  
  33  19:55  Drone  
  35  20:01  Drone x3  
  35  20:03  Drone  
  39  20:11  Drone, Spawning Pool  
  39  20:13  Drone  
  40  20:15  Drone  
  40  20:16  Drone  
  40  20:17  Drone  
  40  20:21  Drone x2  
  45  20:22  Drone  
  45  20:23  Drone  
  45  20:26  Drone x2  
  45  20:27  Drone  
  50  20:29  Drone  
  50  20:31  Drone  
  50  20:32  Drone  
  50  20:33  Drone  
  50  20:34  Drone  
  55  20:36  Drone  
  55  20:37  Drone  
  55  20:38  Drone  
  55  20:40  Drone  
  55  20:41  Drone  
  58  20:44  Drone x2  
  58  20:45  Drone  
  58  20:49  Drone x2  
  60  20:53  Drone  
  60  20:55  Drone  
  60  20:56  Drone  
  62  20:58  Queen  
  62  20:59  Queen  
  62  21:01  Queen  
  62  21:03  Drone x2  
  68  21:05  Drone  
  68  21:06  Drone  
  68  21:07  Drone  
  68  21:10  Drone  
  70  21:11  Queen  
  70  21:14  Queen  
  70  21:16  Drone x2  
  74  21:21  Roach Warren  
  74  21:23  Extractor  
  74  21:25  Drone x4  
  74  21:26  Drone  
  74  21:27  Drone  
  74  21:29  Drone  
  76  21:32  Drone  
  76  21:33  Drone  
  76  21:51  Queen  
  76  21:59  Drone  
  76  22:00  Drone x9  
  86  22:01  Hatchery  
  86  22:03  Drone x3  
  86  22:05  Drone x2  
  88  22:12  Drone x2  
  90  22:16  Spawning Pool  
  90  22:18  Zergling x2  
  90  22:20  Drone  
  90  22:22  Overlord x2  
  88  22:23  Overlord x2  
  88  22:24  Overlord x2  
  88  22:25  Overlord  
  84  22:36  Roach x2  
  88  22:39  Overlord x3  
  88  22:42  Roach  
  88  22:43  Roach x4  
  98  22:45  Roach  
  98  22:47  Roach  
  98  22:50  Roach  
  104  22:54  Roach x2, Extractor  
  104  22:55  Roach  
  104  22:58  Roach  
  111  23:02  Lair  
  111  23:04  Roach x3  
  117  23:15  Roach  
  117  23:16  Roach x2  
  121  23:20  Zergling x6  
  121  23:21  Zergling x14  
  121  23:23  Roach  
  131  23:28  Roach x2  
  131  23:30  Zergling x2  
  131  23:31  Roach  
  131  23:33  Zergling x2  
  139  23:36  Drone, Roach  
  139  23:38  Roach  
  139  23:40  Drone  
  143  23:43  Drone x3, Roach  
  143  23:44  Drone  
  149  23:50  Roach x2  
  149  23:51  Roach  
  149  23:54  Zergling x10  
  158  23:57  Roach  
  158  23:58  Roach  
  162  24:04  Zergling x4  
  162  24:08  Roach x2  
  164  24:31  Zergling x12  
  158  24:32  Roach x4, Zergling x4  
  158  24:38  Zergling x12  
  170  24:39  Roach  
  170  24:41  Overlord x3  
  170  24:43  Zergling x4  
  164  24:53  Zergling x2  
  164  24:54  Zergling x18  
  173  25:00  Zergling x2  
  173  25:06  Roach x9  
  184  25:17  Zergling x2  
  184  25:18  Roach x4  
  188  25:22  Roach, Zergling x2  
  188  25:28  Roach x2  
  170  25:43  Overlord x4  
  170  25:44  Overlord x2  
  151  25:59  Zergling x2  
  149  26:06  Roach, Zergling x2  
  149  26:07  Roach x6  
  149  26:08  Roach x4  
  164  26:11  Zergling x2  
  145  26:25  Roach, Zergling x2  
  139  26:26  Roach  
  139  26:35  Roach x2, Zergling x2  
  144  26:45  Roach x3  
  150  26:50  Roach, Zergling x2  
  154  27:02  Roach, Zergling x2  
  145  27:25  Hatchery  
  145  27:26  Roach x4  
  107  27:56  Hatchery x2  
  107  27:57  Hatchery, Roach x2  
  107  27:58  Roach x4  
  115  28:00  Hatchery  
  108  28:08  Zergling x2  
  108  28:10  Roach  
  75  28:29  Overlord x2  
  74  28:43  Overlord x2  
  72  29:01  Spire  
  71  29:08  Roach x6  
  69  29:13  Roach x2  
  47  29:32  Drone  
  47  29:35  Overlord x6  
  47  29:36  Overlord  
  48  29:40  Extractor  
  48  29:41  Queen  
  48  29:42  Extractor  
  48  29:44  Queen  
  36  30:21  Hatchery  
  36  30:22  Drone  
  36  30:23  Drone  
  36  30:24  Drone  
  36  30:25  Hatchery  
  37  30:41  Overlord x4  
  37  30:48  Hatchery  
  36  31:01  Mutalisk x2  
  36  31:02  Mutalisk x3  
  42  31:18  Hatchery  
  41  31:25  Mutalisk x2  
  43  31:28  Hatchery  
  40  31:37  Overlord  
  40  31:38  Overlord x2  
  24  32:12  Mutalisk x2  
  30  32:22  Drone  
  17  32:48  Drone x6  
  12  33:09  Drone  
  12  33:13  Drone  
  13  33:26  Drone  
  13  33:38  Drone  
Show
View Real Time Build Order
Export as new Build Order

WARLOCK Terran - Winner!

Build Orders:  

Get SALT Encoding   

  12  0:03  SCV  
  13  0:15  SCV  
  14  0:28  SCV, Supply Depot  
  15  0:49  SCV  
  16  0:56  Barracks  
  16  1:01  SCV  
  17  1:06  Refinery  
  17  1:14  SCV  
  17  1:15  Supply Depot  
  18  1:26  SCV  
  19  1:38  SCV  
  20  1:48  Marine  
  20  1:50  SCV  
  22  1:56  Refinery  
  22  2:05  Orbital Command  
  22  2:09  Factory  
  22  2:15  Marine  
  23  2:43  SCV  
  24  2:46  Command Center  
  24  2:47  Supply Depot  
  24  2:52  Marine  
  24  2:56  Factory Reactor  
  24  2:58  SCV  
  26  3:02  Factory  
  26  3:10  SCV  
  27  3:22  SCV  
  28  3:29  Engineering Bay  
  32  3:34  SCV, Hellion x2  
  33  3:42  Supply Depot  
  33  3:46  SCV  
  33  3:48  Factory Tech Lab  
  38  3:55  Hellion  
  38  3:56  Hellion  
  38  3:58  SCV  
  38  4:00  Missile Turret  
  39  4:11  Orbital Command  
  43  4:17  Hellion x2  
  43  4:28  Infernal Pre-Igniter  
  43  4:31  SCV  
  43  4:37  SCV  
  49  4:38  Hellion x2  
  45  5:09  Hellion x3  
  51  5:19  Factory  
  51  5:20  SCV x2, Armory  
  51  5:30  Hellion  
  51  5:31  Hellion  
  51  5:32  SCV x2  
  47  5:47  Hellion  
  49  5:52  Hellion x2  
  49  5:55  Supply Depot  
  53  5:59  Supply Depot  
  53  6:08  Hellion  
  51  6:23  Hellion x2  
  55  6:26  Factory Tech Lab  
  55  6:29  Hellion  
  55  6:31  Terran Vehicle Weapons Level 1  
  55  6:32  Armory  
  57  6:37  SCV x2, Supply Depot  
  59  6:40  Refinery  
  59  6:41  Refinery  
  59  6:45  Hellion x2  
  51  6:49  SCV x2  
  51  6:50  Hellion  
  51  6:51  Hellion  
  55  7:01  SCV x2  
  57  7:02  Unknown  
  57  7:03  Hellion x2  
  57  7:06  Hellion x2  
  61  7:11  Hellion  
  61  7:12  Hellion  
  61  7:13  SCV x2  
  61  7:27  Hellion  
  61  7:28  Hellion  
  65  7:32  Terran Vehicle And Ship Armor Level 1  
  65  7:33  Hellion x2  
  69  7:38  Starport  
  69  7:40  SCV x2, Starport  
  71  7:49  Hellion x2  
  71  7:50  Missile Turret  
  75  7:52  SCV x2, Missile Turret  
  51  8:35  Hellion  
  51  8:36  Hellion x3  
  59  8:50  Supply Depot  
  59  8:56  Hellion  
  59  8:57  Hellion x3  
  59  8:58  SCV x2  
  59  9:00  Terran Vehicle Weapons Level 2, Starport Tech Lab  
  59  9:01  Starport Tech Lab  
  65  9:10  SCV x2  
  67  9:18  Hellion x4  
  67  9:20  Command Center  
  67  9:22  SCV  
  67  9:23  Fusion Core  
  76  9:34  Terran Vehicle And Ship Armor Level 2  
  76  9:39  Hellion  
  76  9:40  Hellion x3  
  78  10:01  Hellion  
  78  10:03  Hellion  
  78  10:15  Supply Depot  
  78  10:16  Supply Depot  
  78  10:19  Supply Depot  
  78  10:29  Barracks  
  78  10:32  Battlecruiser x2, Hellion  
  92  10:37  Supply Depot, Hellion x3  
  98  10:54  Hellion  
  100  10:58  Hellion x3  
  98  11:15  Hellion x8  
  98  11:19  Hellion  
  98  11:20  Hellion x3  
  98  11:22  Planetary Fortress  
  106  11:30  Terran Ship Weapons Level 1  
  106  11:36  Battlecruiser  
  112  11:40  Hellion  
  112  11:41  Hellion  
  108  12:28  Widow Mine x3  
  108  12:29  Widow Mine  
  116  12:34  Battlecruiser  
  122  12:42  Terran Vehicle And Ship Armor Level 3  
  122  12:53  Supply Depot  
  122  12:57  Widow Mine  
  124  13:14  Battlecruiser, Widow Mine  
  124  13:18  Drilling Claws  
  132  13:25  Supply Depot  
  132  13:27  Supply Depot x2  
  132  13:46  Widow Mine  
  132  14:41  Command Center  
  132  14:48  Hellion x19  
  132  14:49  Viking x2  
  136  15:00  Hellion x2  
  136  15:01  Hellion x2  
  136  15:04  Refinery  
  144  15:08  Refinery  
  144  15:24  Battlecruiser  
  144  15:25  Battlecruiser  
  156  15:38  Terran Ship Weapons Level 2  
  156  15:40  Terran Vehicle Weapons Level 3  
  156  15:54  Planetary Fortress  
  156  15:57  Missile Turret  
  156  15:58  Hellion x18  
  156  16:15  Command Center  
  156  16:17  Missile Turret  
  154  16:38  Missile Turret  
  154  16:39  Battlecruiser x2  
  166  16:56  Missile Turret  
  166  17:53  Missile Turret  
  166  17:58  Supply Depot x2  
  166  17:59  Supply Depot  
  166  18:00  Supply Depot  
  166  18:02  Battlecruiser  
  166  18:03  Battlecruiser, Supply Depot  
  178  18:11  Planetary Fortress  
  178  18:13  Missile Turret  
  178  18:34  Missile Turret  
  178  18:37  Starport  
  178  18:40  Terran Ship Weapons Level 3  
  178  19:12  Battlecruiser  
  178  19:13  Battlecruiser  
  178  19:15  Starport Tech Lab  
  190  20:31  Refinery  
  190  20:33  Refinery  
  190  20:45  Battlecruiser  
  194  22:18  Hellion  
  190  23:47  Hellion x16  
  159  24:50  Battlecruiser x3  
  167  24:57  Building Armor  
  144  25:54  Battlecruiser x3  
  156  26:44  Refinery  
  156  26:45  Refinery  
  156  28:05  Orbital Command  
Tags
 
Add a new tag
Caveats
  • Supply blocks, unpowered buildings, or Contaminate may cause inaccurate times.
  • Supply counts are checked every 10 seconds.